Map: Oxide LE

Players

uwuThermal (uThermal) - Winner!

  • Race: Terran Terran
  • League: Master

MarineLorD

  • Race: Terran Terran
  • League: Master

Event: DreamHack SC2 Masters 2021 Summer

VOD

Have the link to the VOD?

Description

Time

  • Played on: May 29, 2021, 12:46 p.m.
  • Length: 10:45

All games in this series

Show
View Real Time Build Order
Export as new Build Order

uwuThermal Terran - Winner!

Build Orders: Mech 

Get SALT Encoding   

  12  0:00  SCV  
  13  0:12  SCV  
  14  0:17  Supply Depot  
  14  0:24  SCV  
  15  0:38  SCV  
  15  0:39  Barracks  
  15  0:42  Refinery  
  16  0:50  SCV  
  16  0:52  Refinery  
  17  1:03  SCV  
  18  1:15  SCV  
  19  1:25  Reaper  
  19  1:27  Orbital Command  
  19  1:28  Supply Depot  
  20  1:42  Factory  
  20  1:52  SCV  
  21  1:58  Barracks Reactor  
  21  2:05  SCV  
  22  2:17  SCV  
  22  2:32  Command Center  
  22  2:34  Starport  
  22  2:41  SCV  
  23  2:45  Hellion  
  23  2:47  Hellion  
  27  2:53  SCV  
  27  2:57  Supply Depot  
  28  3:05  SCV  
  28  3:12  Medivac  
  30  3:19  Hellion x2  
  34  3:20  Barracks Tech Lab  
  34  3:23  SCV  
  35  3:35  Refinery, SCV  
  36  3:45  Orbital Command  
  36  3:47  SCV  
  36  3:48  Factory Tech Lab  
  37  3:51  Marine x2  
  37  3:54  Raven  
  41  3:59  SCV  
  42  4:08  Cyclone  
  42  4:09  Marine x2  
  47  4:11  SCV  
  47  4:12  SCV  
  49  4:23  SCV  
  46  4:24  SCV  
  46  4:27  Marine x2  
  43  4:35  SCV  
  43  4:36  SCV  
  43  4:37  Raven  
  47  4:40  Siege Tank  
  47  4:44  Supply Depot  
  47  4:45  Marine x2  
  52  4:47  SCV  
  52  4:48  SCV  
  54  4:57  Command Center  
  54  5:05  SCV x2  
  54  5:06  Supply Depot  
  54  5:07  Refinery  
  56  5:12  Siege Tank  
  59  5:18  SCV  
  59  5:20  Raven  
  62  5:28  SCV, Marine x2, Supply Depot  
  64  5:30  SCV  
  66  5:37  Supply Depot  
  66  5:40  SCV  
  66  5:42  SCV  
  68  5:45  Marine  
  68  5:46  Marine  
  70  5:50  Siege Tank  
  70  5:52  SCV  
  70  5:54  SCV  
  74  6:04  SCV  
  74  6:10  SCV  
  75  6:15  Viking x2  
  79  6:19  SCV  
  79  6:21  Factory  
  79  6:22  Factory, Siege Tank  
  83  6:25  Orbital Command  
  83  6:26  SCV  
  83  6:31  SCV  
  85  6:38  SCV  
  86  6:43  SCV  
  86  6:44  Barracks Reactor  
  86  6:45  Viking x2  
  91  6:51  SCV  
  91  6:52  Engineering Bay  
  92  6:55  SCV  
  92  6:58  Refinery x2  
  93  7:03  SCV  
  93  7:06  Siege Tank x2  
  93  7:07  SCV, Orbital Command  
  100  7:15  SCV  
  100  7:21  SCV, Viking  
  101  7:24  Viking  
  101  7:35  SCV  
  101  7:39  SCV  
  101  7:40  Supply Depot x2  
  101  7:43  SCV  
  100  7:45  Siege Tank  
  100  7:48  SCV  
  99  7:51  SCV, Viking  
  101  7:58  Sensor Tower  
  101  8:01  SCV x2, Viking, Siege Tank  
  101  8:04  Hellion x2, Supply Depot  
  112  8:08  SCV, Missile Turret  
  113  8:14  Missile Turret  
  113  8:15  SCV x2  
  115  8:23  Supply Depot  
  115  8:24  Viking  
  115  8:26  Siege Tank  
  120  8:29  Hellion x2  
  124  8:37  Supply Depot  
  124  8:44  Viking, Siege Tank  
  124  8:47  SCV  
  130  8:49  Armory  
  130  8:50  Armory  
  130  8:51  SCV  
  127  8:55  Viking  
  127  8:57  SCV  
  119  9:03  SCV  
  119  9:04  Hellion, Siege Tank  
  120  9:16  Command Center, Siege Tank  
  121  9:18  Viking  
  121  9:24  Hellion  
  125  9:25  Viking  
  125  9:26  Hellion  
  129  9:38  Missile Turret, Siege Tank  
  129  9:45  Hellion  
  134  9:48  Hellion, Siege Tank  
  139  9:54  Viking  
  141  10:02  Supply Depot x2  
  141  10:03  Viking  
  141  10:07  Hellion  
  145  10:08  Supply Depot  
  145  10:09  Hellion  
  145  10:11  SCV  
  148  10:15  SCV  
  148  10:16  SCV  
  148  10:21  Hellion  
  136  10:23  SCV  
  136  10:27  SCV  
  133  10:31  SCV  
Show
View Real Time Build Order
Export as new Build Order

MarineLorD Terran 

Build Orders: Gas First Reaper Expand 

Get SALT Encoding   

  12  0:00  SCV  
  13  0:12  SCV  
  14  0:16  Supply Depot  
  14  0:24  SCV  
  14  0:27  Refinery  
  15  0:38  SCV  
  16  0:44  Barracks  
  16  0:50  SCV  
  17  1:02  SCV  
  18  1:14  SCV  
  19  1:30  Orbital Command  
  19  1:31  Reaper  
  20  1:42  Command Center  
  20  1:54  Factory  
  20  1:56  SCV  
  21  2:04  Supply Depot  
  21  2:05  Barracks Reactor  
  21  2:10  SCV  
  22  2:18  Refinery  
  22  2:22  SCV  
  23  2:34  SCV  
  24  2:37  Hellion  
  24  2:42  Marine x2  
  27  2:46  SCV  
  26  2:55  Starport  
  26  2:58  SCV  
  26  3:10  Factory Tech Lab, SCV  
  27  3:22  SCV  
  27  3:23  Orbital Command  
  27  3:25  Refinery  
  28  3:28  Cyclone  
  28  3:31  Marine x2  
  28  3:33  Starport Tech Lab  
  33  3:34  SCV  
  34  3:46  SCV  
  35  3:48  SCV  
  35  3:54  Raven  
  38  3:57  Supply Depot  
  38  3:59  SCV  
  38  4:00  SCV  
  38  4:01  Widow Mine  
  42  4:11  SCV  
  42  4:13  SCV  
  42  4:23  Marine x2  
  39  4:28  SCV  
  40  4:35  SCV  
  44  4:40  SCV  
  44  4:43  Command Center  
  44  4:47  SCV  
  44  4:52  SCV  
  44  4:56  Siege Tank  
  44  4:59  SCV  
  48  5:02  Supply Depot  
  48  5:04  SCV, Viking  
  51  5:09  Viking  
  51  5:11  SCV  
  54  5:16  Supply Depot  
  54  5:23  SCV x2, Marine  
  54  5:24  Supply Depot  
  57  5:29  Siege Tank  
  61  5:35  SCV  
  61  5:38  SCV  
  61  5:41  Viking  
  64  5:44  Viking  
  64  5:47  SCV  
  67  5:50  SCV  
  68  5:59  SCV  
  68  6:00  Orbital Command  
  68  6:02  SCV  
  70  6:12  SCV  
  70  6:14  SCV  
  70  6:15  Viking x2  
  72  6:21  Marine  
  72  6:23  Refinery, Stimpack  
  72  6:24  SCV  
  74  6:26  SCV  
  74  6:31  SCV  
  76  6:34  Siege Tank  
  76  6:36  SCV  
  76  6:38  SCV  
  81  6:43  SCV  
  81  6:45  Supply Depot  
  81  6:47  Supply Depot  
  82  6:48  SCV  
  82  6:50  SCV  
  84  6:55  SCV  
  84  6:58  Viking  
  84  7:00  SCV  
  86  7:03  SCV  
  86  7:06  Siege Tank  
  90  7:12  SCV, Orbital Command  
  90  7:15  SCV  
  93  7:19  Marine  
  93  7:23  Barracks  
  93  7:24  SCV, Barracks  
  93  7:28  SCV  
  95  7:30  Viking x2  
  95  7:36  SCV  
  96  7:38  SCV  
  96  7:40  SCV  
  96  7:44  Siege Tank  
  101  7:48  SCV  
  94  7:51  SCV  
  94  7:55  SCV  
  92  8:00  SCV, Marauder  
  92  8:02  Barracks x2  
  92  8:03  SCV  
  92  8:04  Combat Shield  
  96  8:08  Engineering Bay  
  96  8:09  SCV  
  96  8:11  Engineering Bay  
  97  8:16  SCV, Siege Tank  
  97  8:17  SCV  
  97  8:19  Refinery  
  102  8:20  Refinery  
  102  8:23  Marauder, Supply Depot  
  102  8:24  Barracks Reactor, Barracks Tech Lab  
  102  8:25  Supply Depot  
  104  8:28  Viking x2  
  104  8:30  SCV  
  109  8:36  Terran Infantry Armor Level 1, Terran Infantry Weapons Level 1  
  109  8:43  SCV  
  109  8:45  SCV  
  109  8:46  Command Center  
  109  8:47  SCV  
  106  8:56  SCV  
  106  8:57  SCV  
  106  8:58  Siege Tank  
  106  9:00  SCV  
  104  9:05  Marauder, Marine x2  
  104  9:06  Marauder  
  104  9:07  Liberator  
  104  9:08  Viking  
  104  9:09  SCV  
  110  9:15  Barracks Tech Lab  
  110  9:17  Barracks Reactor  
  109  9:22  Sensor Tower  
  109  9:23  Supply Depot x2  
  109  9:25  Supply Depot  
  109  9:27  Marauder x2  
  109  9:29  Marine  
  109  9:30  Marine  
  115  9:35  Concussive Shells  
  115  9:37  Siege Tank  
  115  9:38  Viking  
  120  9:41  Missile Turret  
  120  9:44  Starport  
  120  9:47  Marauder, Marine  
  120  9:48  Marauder x2  
  120  9:50  Viking  
  126  9:56  Marine x2  
  126  9:57  Marine  
  129  10:03  SCV x2  
  129  10:05  Orbital Command, Marine  
  132  10:08  Marauder, Viking  
  132  10:09  Siege Tank  
  132  10:10  Marauder x2  
  132  10:14  Marine  
  144  10:19  Marine x2  
  113  10:23  Marine  
  113  10:28  SCV x2  
  118  10:36  Barracks  
  118  10:37  Barracks  
Tags
 
Add a new tag
Caveats
  • Supply blocks, unpowered buildings, or Contaminate may cause inaccurate times.
  • Supply counts are checked every 10 seconds.